[Event "Championnat du monde jeunes U12"]
[Date "2024.11.18"]
[White "Xia, Jinnan"]
[Black "Nicot, Valentin"]
[WhiteElo "1850"]
[BlackElo "2078"]
[Round "4.38"]
[Result "1/2-1/2"]
[TimeControl "5400+30"]

1. d4 f5 2. Nf3 Nf6 3. g3 e6 4. Bg2 Be7 5. O-O O-O 6. c4 d6 7. Nc3 Ne4 8. Qc2 Nxc3 9. Qxc3 a5 10. b3 Bf6 11. Bb2 Nc6 12. Rad1 Qe8 13. Qc1 e5 14. d5 Ne7 15. c5 a4 16. cxd6 cxd6 17. Ba3 Qd8 18. Nd2 Ng6 19. bxa4 Rxa4 20. Qb2 Be7 21. Bb4 Bd7 22. a3 Qb6 23. Nc4 Qa6 24. Qb3 Qb5 25. Rb1 Ra6 26. Rfc1 f4 27. e4 fxe3 28. Nxe3 Qb6 29. Qd3 Qd8 30. Be4 Bg5 31. Bd2 b5 32. h4 Bxh4 33. Bxg6 hxg6 34. gxh4 Qxh4 35. Be1 Qg5+ 36. Ng2 Bf5 37. Qe3 Qxe3 38. Nxe3 Bxb1 39. Rxb1 Rxa3 40. Rxb5 Ra6 41. Rb7 Rc8 42. Kg2 Ra1 43. Bb4 Rb1 44. Nf1 Kh7 45. Nd2 Rb2 46. Kf3 Rcc2 47. Ne4 Rc4 48. Ng5+ Kh6 49. Nf7+ Kh5 50. Rb8 Rf4+ 51. Kg3 Rxf7 52. Rh8+ Kg5 53. Bxd6 e4 54. Bc5 Rf3+ 55. Kg2 Rd3 56. d6 e3 57. Bxe3+ Kf6 58. Bf4 1/2-1/2

[Variant "Standard"]
[Site "Europe Echecs"]

[Event "Championnat du monde jeunes U12"]
[Date "2024.11.18"]
[White "Minga-Nagy, Abel Inti"]
[Black "Zhang, Haoxuan"]
[WhiteElo "2033"]
[BlackElo "1932"]
[Round "4.39"]
[Result "1/2-1/2"]
[TimeControl "5400+30"]

1. e4 c5 2. Nf3 e6 3. d4 cxd4 4. Nxd4 Nc6 5. Nc3 a6 6. g3 Qc7 7. Bg2 Nf6 8. O-O Nxd4 9. Qxd4 Bc5 10. Qd3 d6 11. Bf4 h6 12. Rad1 e5 13. Be3 Bb4 14. Nb5 axb5 15. Qxb5+ Nd7 16. Qxb4 Rxa2 17. Rxd6 O-O 18. c3 Re8 19. Rfd1 Nf8 20. Bb6 Qb8 21. Qb3 Ra8 22. Qb5 Qxd6 23. Rxd6 Ra1+ 24. Bf1 Bh3 25. Qe2 Rxf1+ 26. Qxf1 Bxf1 27. Kxf1 f6 28.
Rd8 Rxd8 29. Bxd8 Ne6 30. Bb6 Ng5 31. Ke2 Nxe4 32. Kd3 Ng5 33. h4 Ne6 34. h5 Kf7 35. Ke4 Ke7 36. Kd5 Kd7 37. b4 Nf8 38. c4 g5 39. b5 Ne6 40. Ke4 Ng7 41. g4 Ke6 42. Bc5 f5+ 43. gxf5+ Nxf5 44. Bf8 g4 45. c5 g3 46. fxg3 Nxg3+ 47. Kf3 Nxh5 48. Bxh6 Nf6 49.
Bg7 Nd7 50. c6 bxc6 51. bxc6 Kd6 52.
Ke4 1/2-1/2

[Variant "Standard"]
[Site "Europe Echecs"]

[Event "Championnat du monde jeunes U12"]
[Date "2024.11.18"]
[White "Marchand, Calix"]
[Black "Padure, Dragos-Alexandru"]
[WhiteElo "2027"]
[BlackElo "1822"]
[Round "4.40"]
[Result "1-0"]
[TimeControl "5400+30"]

1. d4 Nf6 2. Nc3 d5 3. Bf4 c5 4. e4 Nxe4 5. Nxe4 dxe4 6. dxc5 Qa5+ 7. c3 Qxc5 8. Qa4+ Nc6 9. Qxe4 Bf5 10. Qa4 g6 11. Nf3 Bg7 12. Rd1 O-O 13. Be3 Qa5 14. Qxa5 Nxa5 15. Nd4 Bxd4 16. Bxd4 Rfd8 17. Be2 Nc6 18. Bc5 Rxd1+ 19. Bxd1 Ne5 20. O-O e6 21. b3 a6 22. Bd4 Nc6 23. Bf6 e5 24. Be2 Re8 25. g4 Bc8 26. Rd1 h6 27. h4 e4 28. Kg2 Nb8 29. Kg3 Nd7 30. Bd4 f6 31. Bc4+ Kf8 32. g5 fxg5 33. hxg5 h5 34. Kf4 Re7 35. Bd5 b6 36. Bxe4 Kf7 37. Bd5+ Kf8 38. b4 Rh7 39. c4 h4 40. c5 bxc5 41. bxc5 h3 42. c6 Nb8 43. Bc5+ Kg7 44. Kg3 h2 45. Bg2 Rh5 46. Be3 Nxc6 47. Bxc6 Rh3+ 48.
Kg2 Be6 49. a3 Rh4 50. Kg3 Rg4+ 51.
Kxh2 Rh4+ 52. Kg3 Rg4+ 53. Kf3 Rc4 54.
Bd7 1-0

[Variant "Standard"]
[Site "Europe Echecs"]

[Event "Championnat du monde jeunes U12"]
[Date "2024.11.18"]
[White "Isakov, Amin"]
[Black "Guo, Ethan"]
[WhiteElo "1698"]
[BlackElo "2157"]
[Round "4.41"]
[Result "0-1"]
[TimeControl "5400+30"]

1. e4 c5 2. Nf3 d6 3. d4 cxd4 4. Nxd4 Nf6 5. Bd3 Nc6 6. Nxc6 bxc6 7. O-O g6 8. Nc3 Bg7 9. h3 O-O 10. Be3 d5 11. Bd4 Rb8 12. exd5 cxd5 13. Rb1 Qa5 14. Qe2 Be6 15. a3 Nh5 16. Bxg7 Nxg7 17. b4 Qc7 18. Na4 Bc8 19. Rfe1 Ne6 20. Qe5 Qxe5 21. Rxe5 Rd8 22. Rbe1 Bb7 23. Rf1 Bc6 24. Nc3 d4 25. Ne2 Bd5 26. Be4 Bxe4 27. Rxe4 Rbc8 28. Rc1 Rd6 29. f3 f6 30. Kf2 Kf7 31. c4 f5 32. Rh4 Kg7 33. c5 Rd5 34. Rd1 Rcd8 35. c6 g5 36. c7 gxh4 37. cxd8=Q Rxd8 38. Rd3 Kf6 39. f4 Rc8 40. Kf3 Rc4 41. Kf2 Kf7 42. Kf3 Ke8 43. Rd1 Kd7 44. Rc1 Rxc1 45. Nxc1 Kc6 0-1

[Variant "Standard"]
[Site "Europe Echecs"]

[Event "Championnat du monde jeunes U12"]
[Date "2024.11.18"]
[White "Teo, Hong Kai Javier"]
[Black "Nguyen, Khoi"]
[WhiteElo "1675"]
[BlackElo "1994"]
[Round "4.42"]
[Result "0-1"]
[TimeControl "5400+30"]

1. e4 c5 2. Nf3 a6 3. c3 d5 4. exd5 Qxd5 5. d4 e6 6. Bd3 Nf6 7. O-O Nc6 8. Be3 cxd4 9. cxd4 Be7 10. Nc3 Qd6 11. a3 O-O 12. Rc1 Rd8 13. Qe2 Bd7 14. Rfd1 Be8 15. b4 Rac8 16. Na4 Nxd4 17. Bxh7+ Nxh7 18. Rxd4 Rxc1+ 19. Bxc1 Qc7 20. Rxd8 Bxd8 21. Nc5 b6 22. Nd3 Bb5 23. Bb2 Qc4 24. Nfe1 Qd5 25. Qe5 Nf6 26. h4 Qxe5 27. Nxe5 Nd5 28. g3 f6 29. Ng6 Be8 30. h5 Bxg6 31. hxg6 Ne7 32. Nf3 Nxg6 33. Kf1 Kf7 34. Ke2 Ke7 35. Kd3 Kd6 36. Nd4 Ne5+ 37. Kc3 b5 38. f4 Nc4 39. f5 e5 40. Ne6 Bb6 41. Bc1 g5 42. a4 Kd5 43. axb5 axb5 44. Kd3 e4+ 45. Ke2 Nd6 46. g4 Nc4 47. Nf8 Ne5 48. Nh7 Nxg4 49. Bxg5 fxg5 50. f6 Nh6 51. Nxg5 Bd8 52. Ke3 Ng4+ 53. Kf4 Nxf6 0-1

[Variant "Standard"]
[Site "Europe Echecs"]

[Event "Championnat du monde jeunes U12"]
[Date "2024.11.18"]
[White "El Zein, Bassam"]
[Black "Zhan, Jayden Zihan"]
[WhiteElo "1947"]
[BlackElo "1670"]
[Round "4.43"]
[Result "1-0"]
[TimeControl "5400+30"]

1. Nf3 c5 2. g3 Nc6 3. Bg2 e5 4. c4 g6 5. Nc3 Bg7 6. O-O Nge7 7. a3 d6 8. b4 O-O 9. Rb1 f5 10. bxc5 dxc5 11. Na4 b6 12. d3 h6 13. Bb2 Rb8 14. Nc3 Be6 15. Qa4 Qd7 16. Nh4 Kh7 17. Rfd1 f4 18. Be4 Rbc8 19. Nd5 Nf5 20. Nxf5 Bxf5 21. Bg2 Bh3 22. Bf3 fxg3 23. hxg3 Rxf3 24. exf3 Qf5 25. Kh2 Qh5 26. Rh1 Nd4 27. Bxd4 Bd7+ 28. Kg2 Qxh1+ 29. Rxh1 Bxa4 30. Be3 Bc2 31. f4 Bxd3 32. fxe5 Bxc4 33. Nf6+ Bxf6 34.
exf6 h5 35. g4 Re8 36. Rd1 Be6 37. g5 Kg8 38. a4 Rc8 39. Kg3 Kf7 40. a5 bxa5 41. Ra1 c4 42. Rxa5 Rc7 43. Bxa7 Kg8 44. Be3 Kh7 45. Ra8 Rf7 46. Bd4 Bg4 47. Be5 Rd7 48. Rh8+ 1-0

[Variant "Standard"]
[Site "Europe Echecs"]

[Event "Championnat du monde jeunes U12"]
[Date "2024.11.18"]
[White "Dos Santos, Leonardo Lopes"]
[Black "Kraucenka, Justas"]
[WhiteElo "1930"]
[BlackElo "1650"]
[Round "4.44"]
[Result "0-1"]
[TimeControl "5400+30"]

1. e4 e6 2. d4 d5 3. exd5 exd5 4. Bd3 Bd6 5. Nf3 Ne7 6. O-O O-O 7. Re1 Bf5 8. c3 c6 9. Bxf5 Nxf5 10. Qd3 Nh4 11. Nbd2 Ng6 12. Nf1 Nd7 13. Ng3 Qc7 14. Be3 Rfe8 15. Nf5 Nf6 16. Nxd6 Qxd6 17. Bd2 Ne4 18. c4 Nxd2 19. Nxd2 dxc4 20. Nxc4 Qb4 21. Qc3 Qxc3 22. bxc3 b6 23. Ne3 Re6 24. Kf1 Rae8 25. g3 Ne7 26. c4 Rd8 27. Rad1 Re4 28. f3 Re6 29. Rd3 Kf8 30. a4 Rf6 31. Kf2 Nf5 32. Nxf5 Rxf5 33. Re4 Ra5 34. Ra3 b5 35. cxb5 cxb5 36. Re5 Rxa4 37. Rxa4 bxa4 38. Ra5 Rxd4 39. Rxa7 Rd2+ 40. Ke3 Ra2 41. Kf4 g6 42. g4 Kg7 43. g5 Rxh2 44. Kg3 Ra2 45. f4 Ra1 46. Kg2 a3 47. Kh2 a2 48. Kg2 h6 49. Kh2 Rf1 50. Rxa2 Rxf4 51. gxh6+ Kxh6 52. Kg3 Rb4 53. Ra5 f5 54. Rc5 Rb3+ 55. Kf4 Rb4+ 56. Kg3 Kg5 57. Rc3 Re4 58. Rc6 f4+ 59. Kf3 Re3+ 60. Kf2 Kf5 61. Rc5+ Re5 62. Rc8 g5 63. Kf3 Re3+ 64. Kf2 Kg4 65. Rg8 Re5 66. Rf8 Ra5 67. Rb8 Ra2+ 68. Kg1 Kg3 69. Rb3+ f3 70. Rb1 g4 71. Rc1 Ra3 72. Rd1 f2+ 73. Kf1 Re3 0-1

[Variant "Standard"]
[Site "Europe Echecs"]

[Event "Championnat du monde jeunes U12"]
[Date "2024.11.18"]
[White "Hallmundarson, Birkir"]
[Black "Italiani, Luca"]
[WhiteElo "1914"]
[BlackElo "1634"]
[Round "4.45"]
[Result "1-0"]
[TimeControl "5400+30"]

1. Nf3 d5 2. c4 Nf6 3.
cxd5 Nxd5 4. e4 Nf6 5. Bc4 e6 6. Nc3 Nc6 7. d4 Bb4 8. Bg5 h6 9. Bxf6 Qxf6 10. a3 Bxc3+ 11. bxc3 O-O 12. O-O e5 13. d5 Rd8 14. Be2 Ne7 15. Qb3 Ng6 16. c4 Nh4 17. Rab1 Nxf3+ 18. Bxf3 Qg6 19. Qc3 Re8 20. a4 c6 21. Rfc1 h5 22. Kf1 h4 23. h3 Rb8 24. Qa5 Ra8 25. Rd1 cxd5 26. cxd5 b6 27. Qb5 Rd8 28. Qb4 Ba6+ 29. Kg1 Bc8 30. Kh1 Qh6 31. Qe7 Bd7 32. Qxe5 Bxa4 33. Rdc1 Qd2 34. Kg1 b5 35. Bh5 b4 36. Bxf7+ Kxf7 37. Rc7+ Rd7 38. Qe6+ Kf8 39. Rxd7 Bxd7 40. Qxd7 Qc3 41. Qd6+ Ke8 42. Qxb4 Qxb4 43. Rxb4 Kd7 44. e5 Ke8 45. Rxh4 Ke7 46. Ra4 a5 47. f4 g6 48. g4 Kd7 49. f5 gxf5 50. gxf5 Ke7 51. f6+ Kf7 52. Kf2 Re8 53. e6+ Kxf6 54. Rxa5 Rd8 55. Kf3 Rh8 56. Kg4 Rg8+ 57. Kf4 Rh8 58. Ra7 Rh4+ 59. Kg3 Re4 60. Rf7+ Kg6 61. h4 Re3+ 62. Kf4 Re1 63. h5+ Kxh5 64. Kf5 Rf1+ 65. Ke5 Re1+ 66. Kd6 Kg6 67. Rf2 Re3 68. e7 Re4 69. Kd7 Kg5 70. e8=Q Rxe8 71. Kxe8 Kg4 72. d6 Kg3 73. Rf7 Kg4 74. d7 Kg5 75. d8=Q+ Kg6 76. Qd5 Kh6 77. Qe5 Kg6 78. Qf5+ Kh6 79. Rh7# 1-0

[Variant "Standard"]
[Site "Europe Echecs"]

[Event "Championnat du monde jeunes U12"]
[Date "2024.11.18"]
[White "To, Nam Long"]
[Black "Chen, Jun-Wei"]
[WhiteElo "1608"]
[BlackElo "1907"]
[Round "4.46"]
[Result "0-1"]
[TimeControl "5400+30"]

1. d4 Nf6 2. Bf4 d5 3. e3 c5 4. c3 Nc6 5. Nd2 e6 6. Ngf3 Be7 7. Bd3 Nh5 8. Bg3 Nxg3 9. hxg3 h6 10. a4 Bd7 11. Ne5 Nxe5 12. dxe5 Qc7 13. f4 c4 14. Bc2 Qb6 15. Kf2 Qxb2 16. Rb1 Qxc3 17. Rxb7 Bc5 18. Re1 O-O-O 19. Rb1 Bc6 20. Nf1 d4 21. Qe2 d3 22. Bxd3 cxd3 23. Qd2 Qxd2+ 24. Nxd2 Bxa4 25. Rec1 Bc2 26. Rb5 Rd5 27. Kf3 Ba3 28. Rxd5 exd5 29. Ra1 Bb4 30. Nf1 a5 31. g4 a4 32. g3 a3 33. f5 Bb3 34. Rc1+ Kd7 35. e4 d4 36. Rb1 a2 37. Ra1 Bc3 0-1

[Variant "Standard"]
[Site "Europe Echecs"]

[Event "Championnat du monde jeunes U12"]
[Date "2024.11.18"]
[White "Ivarlac, Vladislav"]
[Black "Mintz, Nathan"]
[WhiteElo "1867"]
[BlackElo "1633"]
[Round "4.47"]
[Result "1-0"]
[TimeControl "5400+30"]

1. Nf3 c5 2. g3 Nc6 3. Bg2 g6 4. d4 cxd4 5. Nxd4 Bg7 6. c3 Nf6 7. O-O O-O 8. e4 d6 9. Na3 e5 10. Ndb5 Ne8 11. Nc4 b6 12. a4 Ba6 13. b3 Rc8 14. Ba3 f5 15. exf5 Kh8 16. fxg6 hxg6 17. Bh3 Ra8 18. Ncxd6 Nxd6 19. Qxd6 Qxd6 20. Bxd6 Rfd8 21. Bg2 Rac8 22. Bc7 Bxb5 23. axb5 Rxc7 24. bxc6 Rd3 25.
Rfd1 Rxc3 26. Rd7 Rc8 27. Raxa7 Rc1+ 28.
Bf1 Bf6 29. c7 Kg8 30. Kg2 Kf8 31. Ba6 Ra1 32. Bxc8 Rxa7 33. Bb7 Be7 34. c8=Q+ Kf7 35. Bd5+ Kf6 36. Qh8+ Kf5 37. Rxa7 Bf6 38. g4+ Kg5 39. h4+ Kxg4 40. Qxf6 e4 41. Qg5# 1-0

[Variant "Standard"]
[Site "Europe Echecs"]

[Event "Championnat du monde jeunes U12"]
[Date "2024.11.18"]
[White "Zutautas, Mantas"]
[Black "Anagnostopoulos, Panagiotis"]
[WhiteElo "1540"]
[BlackElo "1848"]
[Round "4.48"]
[Result "0-1"]
[TimeControl "5400+30"]

1. d4 Nf6 2. Nf3 g6 3. Bf4 Bg7 4. e3 O-O 5. Be2 d6 6. h3 Nfd7 7. O-O e5 8. dxe5 dxe5 9. Bg5 Qe8 10. c3 Nc6 11. Bb5 Nb6 12. Re1 a6 13. Bf1 Be6 14. Nbd2 f5 15. Nb3 Nd7 16. Nfd2 Qf7 17. f4 h6 18. Bh4 e4 19. g4 Bf6 20. Bxf6 Qxf6 21. Bc4 Rad8 22. Qe2 Bxc4 23. Nxc4 b5 24. Na3 Kh7 25. Nc2 Nb6 26. Ncd4 Nxd4 27. Nxd4 c5 28. Nb3 Na4 29. Rab1 Rd3 30. Rec1 Rfd8 31. c4 b4 32. Rc2 R8d6 33. Nd2 Qd8 34. Rd1 a5 35. Kf1 Qf6 36. Rb1 Qh4 37. Kg2 Qe7 38. Kg3 Rxe3+ 39. Qxe3 Rd3 40. Nf1 g5 41. fxg5 Qe5+ 42. Kg2 Rxe3 43. Nxe3 f4 44. Nd5 f3+ 45. Kg1 Qg3+ 46. Kf1 Qxh3+ 47. Kg1 Qxg4+ 48.
Kf1 Qh3+ 49. Kg1 f2+ 50. Rxf2 Qd3 51.
Rf7+ Kg8 52. Rbf1 Qg3+ 53. Kh1 Qh4+ 54.
Kg1 Qxg5+ 55. Kh1 Qh5+ 56. Kg2 Qg6+ 57.
Kh2 Qxf7 58. Rxf7 Kxf7 59. b3 Nc3 60. Nb6 Ke7 61. Kg3 Nxa2 62. Kf4 Nc3 63. Nc8+ Kd7 64. Nb6+ Kc7 65. Nd5+ Nxd5+ 66. cxd5 Kd6 67. Kxe4 h5 0-1

[Variant "Standard"]
[Site "Europe Echecs"]

[Event "Championnat du monde jeunes U12"]
[Date "2024.11.18"]
[White "Petrovski, Nikola"]
[Black "Berishvili, Davit"]
[WhiteElo "1829"]
[BlackElo "1578"]
[Round "4.49"]
[Result "1-0"]
[TimeControl "5400+30"]

1. e4 e5 2. Nf3 Nc6 3. d4 exd4 4. Bc4 Nf6 5. O-O Be7 6. Re1 d6 7. Nxd4 Nxd4 8. Qxd4 O-O 9. Nc3 Kh8 10. b3 Be6 11. Bb2 Bxc4 12. Qxc4 c6 13. Rad1 Nd7 14. Qd3 Qc7 15. Qg3 Ne5 16. Kh1 Rad8 17. Ne2 f6 18. Nd4 Qc8 19. f4 c5 20. Ne2 Nf7 21. Nc3 Nh6 22. Nd5 Rf7 23. f5 Ng8 24. Qh4 c4 25. bxc4 Qxc4 26. Qh5 Rdf8 27. Nf4 Nh6 28. Ng6+ Kg8 29. Nxf8 Rxf8 30. Qf3 Qxc2 31. Qb3+ Qxb3 32. axb3 Ng4 33. Bd4 b6 34. Ra1 a5 35. Rec1 Rb8 36. Rc6 Bd8 37. Rac1 Kf7 38. Rxd6 Ke7 39. Re6+ Kf7 40. h3 Nh6 41. Rcc6 b5 42. Bb6 Bxb6 43. Rxb6 Rxb6 44. Rxb6 a4 45. b4 a3 46. Rxb5 Ng8 47. Ra5 Ne7 48. Rxa3 Nc6 49. b5 Nd4 50. b6 Nc6 51. b7 h6 52. Ra8 h5 53. b8=Q Nxb8 54. Rxb8 g5 55. Rb7+ Kg8 56. Kh2 h4 57. g3 hxg3+ 58. Kxg3 g4 59. Kxg4 1-0

[Variant "Standard"]
[Site "Europe Echecs"]

[Event "Championnat du monde jeunes U12"]
[Date "2024.11.18"]
[White "Kozhedub, Ivan"]
[Black "Macia Tell, Dario"]
[WhiteElo "1826"]
[BlackElo "1520"]
[Round "4.50"]
[Result "1-0"]
[TimeControl "5400+30"]

1. e4 c5 2. Nc3 d6 3. g3 Nc6 4. Bg2 g6 5. d3 Bg7 6. Be3 Nd4 7. Qd2 e6 8. Nge2 Nxe2 9. Qxe2 Ne7 10. O-O O-O 11. Qd2 Nc6 12. Bh6 a6 13. Bxg7 Kxg7 14. f4 f5 15. Rfe1 Bd7 16. exf5 gxf5 17. Ne2 Qb6 18. Rad1 d5 19. Kh1 Rae8 20. Ng1 Qb4 21. c3 Qb6 22. Nf3 h6 23. Qf2 d4 24. Rd2 Rf7 25. Rde2 Rfe7 26. Nh4 Qd8 27. Kg1 b5 28. Bxc6 Bxc6 29. Re5 Qd6 30. Qe2 Rf7 31. Rxe6 Rxe6 32. Qxe6 Qxe6 33. Rxe6 dxc3 34. bxc3 Bb7 35. Kf2 Kh7 36. Nxf5 Bd5 37. Rxh6+ Kg8 38. Ne3 Bxa2 39. Rxa6 Bb3 40. c4 b4 41. Ke2 Rd7 42. h4 Re7 43. Kd2 Kg7 44. Nf5+ Kf7 45. Nxe7 Kxe7 46. h5 Kf7 47. h6 Kg8 48. Ra7 Kh8 49. h7 Bxc4 50. Ra8+ Kxh7 51. dxc4 1-0

[Variant "Standard"]
[Site "Europe Echecs"]

[Event "Championnat du monde jeunes U12"]
[Date "2024.11.18"]
[White "Lee, Tsuen Jin Aiesec"]
[Black "Wang, Yu-Chi Xavier"]
[WhiteElo "1806"]
[BlackElo "1543"]
[Round "4.51"]
[Result "1-0"]
[TimeControl "5400+30"]

1. e4 e5 2. Nf3 Nc6 3. Bc4 Bc5 4. d3 Nf6 5. Bg5 h6 6. Bh4 g5 7. Bg3 d6 8. c3 Bg4 9. Nbd2 Qe7 10. b4 Bb6 11. a4 a6 12. Rb1 O-O 13. Qc1 Nh5 14. h3 Nxg3 15. fxg3 Be6 16. g4 Rad8 17. Bd5 Bxd5 18. exd5 Nb8 19. Ne4 c6 20. c4 cxd5 21. cxd5 f5 22. gxf5 Rxf5 23. a5 Bd4 24. h4 g4 25. Nxd4 exd4 26. Qxh6 Re5 27. O-O Nd7 28. Rf6 Nf8 29. Rbf1 Qg7 30. Rg6 1-0

[Variant "Standard"]
[Site "Europe Echecs"]

[Event "Championnat du monde jeunes U12"]
[Date "2024.11.18"]
[White "Huang, Hao-Xuan"]
[Black "Liu, Richard Jingjie"]
[WhiteElo "1516"]
[BlackElo "1795"]
[Round "4.52"]
[Result "0-1"]
[TimeControl "5400+30"]

1. e4 e5 2. Nf3 Nc6 3. d4 exd4 4. Nxd4 Bc5 5. Be3 Bb6 6.
Bc4 Nf6 7. Nc3 d6 8. O-O Nxd4 9. Bxd4 Be6 10. Bxe6 fxe6 11. e5 dxe5 12. Bxe5 O-O 13. Qe2 Qe7 14. Rfe1 Rae8 15. Bg3 Qb4 16. a3 Qg4 17. Qb5 Qg6 18. Re2 Nh5 19. Ne4 Qf5 20. Qb3 Nxg3 21. Qxg3 Qf4 22. Qb3 Rf7 23. c4 Bd4 24. Rd1 e5 25. c5 Kh8 26. Qc2 h5 27. Rd3 Ref8 28. Rf3 Qh6 29. Rh3 g6 30. g4 Rg8 31. g5 Qf8 32. Nf6 Rgg7 33. c6 b6 34. Re4 Rxf6 35. gxf6 Qxf6 36. Qd3 Qxf2+ 37. Kh1 Qg1# 0-1

[Variant "Standard"]
[Site "Europe Echecs"]

[Event "Championnat du monde jeunes U12"]
[Date "2024.11.18"]
[White "Zhang, Sean"]
[Black "Lenoks, Martin Jr."]
[WhiteElo "1789"]
[BlackElo "1514"]
[Round "4.53"]
[Result "1-0"]
[TimeControl "5400+30"]

1. d4 Nf6 2. Bf4 g6 3. e3 Bg7 4. Nf3 O-O 5. h3 a6 6. Be2 d6 7. O-O Nbd7 8. c4 Re8 9. Nc3 b6 10. Bh2 Bb7 11. Qc2 e5 12. d5 Rc8 13. Nd2 Nc5 14. b4 Ncd7 15. e4 c5 16. a3 Rb8 17. Bg3 Qc7 18. Rfc1 Ba8 19. Nf1 Qa7 20. Ne3 Qc7 21. Ng4 Bb7 22. b5 a5 23. Ne3 Bc8 24. f4 Ra8 25. f5 Rf8 26. Bh4 Bh6 27. Qd3 Bb7 28. Rf1 Bg7 29. Ng4 Nxg4 30. hxg4 h6 31. g5 hxg5 32. Bxg5 Bf6 33. Qg3 Bxg5 34. Qxg5 Qd8 35. f6 Kh7 36. Qh4+ Kg8 37. Bg4 Bc8 38. Bxd7 Bxd7 39. Qh6 Qxf6 40. Rxf6 Rfe8 41. Raf1 Re7 42.
R1f3 Rb8 43. Rg3 Be8 44. Rh3 Ra8 1-0

[Variant "Standard"]
[Site "Europe Echecs"]

[Event "Championnat du monde jeunes U12"]
[Date "2024.11.18"]
[White "Pennacchia, Domenico"]
[Black "Simiyu Jadon"]
[WhiteElo "1510"]
[BlackElo "1784"]
[Round "4.54"]
[Result "0-1"]
[TimeControl "5400+30"]

1. d4 d5 2. c4 e6 3. Nc3 Nf6 4. Bg5 Be7 5. e3 h6 6. Bxf6 Bxf6 7. Nf3 O-O 8. Qd2 dxc4 9. h4 e5 10. O-O-O exd4 11. Nxd4 Bxd4 12. exd4 c6 13. Bxc4 b5 14. Bd3 a5 15. Bc2 Na6 16. Qd3 f5 17. Bb3+ Kh8 18. Qf3 a4 19. Bc2 Nb4 20. a3 Nxc2 21. Kxc2 Be6 22. Kb1 b4 23. axb4 a3 24. d5 cxd5 25. Nxd5 axb2 26. Kxb2 Qb8 27. Qf4 Ra2+ 28. Kb1 Qa8 29. Qe5 Rxf2 30. Ne3 Qa2+ 31. Kc1 Rc8+ 0-1

[Variant "Standard"]
[Site "Europe Echecs"]

[Event "Championnat du monde jeunes U12"]
[Date "2024.11.18"]
[White "Sobirov, Feruzbek"]
[Black "Wang, Zihao(SH)"]
[WhiteElo "1487"]
[BlackElo "1773"]
[Round "4.55"]
[Result "0-1"]
[TimeControl "5400+30"]

1. d4 Nf6 2. Nc3 d5 3. Bf4 Bf5 4. f3 e6 5. g4 Bg6 6. h4 h5 7. g5 Ng8 8. e3 Bd6 9.
Bd3 Bxf4 10. exf4 Ne7 11. Qe2 Nbc6 12.
Qe3 O-O 13. Bxg6 Nxg6 14. O-O-O Nce7 15.
Nge2 Nf5 16. Qf2 Qd6 17. Nb5 Qd7 18. Na3 a6 19. c3 Qd6 20. Qh2 b6 21. Nc2 c5 22. Kb1 Rfb8 23. Qf2 Nxf4 24. Ne3 Nxe2 25. Qxe2 Ne7 26. Ng2 g6 27. Rhf1 c4 28. f4 Nf5 29. Qf2 b5 30. Ne3 Ne7 31. Nc2 a5 32. a3 Nc6 33. Qd2 b4 34. cxb4 axb4 35. axb4 Nxb4 36. Nxb4 Rxb4 37. Qc3 Rb3 38. Qc1 c3 39. Rf2 Qa3 40. Rdf1 Qa2+ 0-1

[Variant "Standard"]
[Site "Europe Echecs"]

[Event "Championnat du monde jeunes U12"]
[Date "2024.11.18"]
[White "Mai, Duc Kien"]
[Black "Sharku, Uvejs"]
[WhiteElo "1771"]
[BlackElo "1516"]
[Round "4.56"]
[Result "1-0"]
[TimeControl "5400+30"]

1. e4 c6 2. d4 d5 3. Nc3 dxe4 4. Nxe4 Bf5 5. Ng3 Bg6 6. Nf3 Nd7 7. h4 h6 8. Bd3 Bxd3 9. Qxd3 Ngf6 10. Bf4 e6 11. O-O-O Be7 12. Kb1 b5 13. Ne4 Nd5 14. Bd2 h5 15. Neg5 N5f6 16. Nxe6 fxe6 17. Qg6+ Kf8 18. Ng5 1-0

[Variant "Standard"]
[Site "Europe Echecs"]

[Event "Championnat du monde jeunes U12"]
[Date "2024.11.18"]
[White "Mamarasulov, Husan"]
[Black "Lee, Daniel Joshua"]
[WhiteElo "1407"]
[BlackElo "1765"]
[Round "4.57"]
[Result "0-1"]
[TimeControl "5400+30"]

1. d4 d5 2. c4 e6 3. Nf3 a6 4. Bg5 Nf6 5. e3 Be7 6. Nc3 O-O 7. Bd3 dxc4 8. Bxc4 b5 9. Bd3 Bb7 10. Qc2 h6 11. Bxf6 Bxf6 12. Ne4 Nd7 13. g4 c5 14. Rg1 cxd4 15. Nxf6+ gxf6 16. Nxd4 Rc8 17. Qd2 Ne5 18. f4 Nxd3+ 19. Qxd3 e5 20. fxe5 fxe5 21. g5 exd4 22. gxh6+ Kh8 23. Rg7 Qh4+ 24. Rg3 Rfe8 25. Kf1 dxe3 26. Rg7 Qf2# 0-1

[Variant "Standard"]
[Site "Europe Echecs"]

[Event "Championnat du monde jeunes U12"]
[Date "2024.11.18"]
[White "Yusupov, Rauf"]
[Black "Mohd Firdaus, Firast Haiqal"]
[WhiteElo "1763"]
[BlackElo "1514"]
[Round "4.58"]
[Result "1/2-1/2"]
[TimeControl "5400+30"]

1. e4 d5 2. exd5 Qxd5 3. Nc3 Qd8 4. d4 Nf6 5. Bc4 c6 6. Bf4 Bf5 7. Nf3 e6 8. Ne5 Nbd7 9. O-O Be7 10. Re1 O-O 11. Bb3 Nxe5 12. Bxe5 Bd6 13. Qf3 Bxe5 14. dxe5 Nd5 15. Rad1 Qh4 16. Bxd5 Bg4 17. Qf4 g5 18. Qd4 Bxd1 19. Be4 Bg4 20. Bd3 Bf5 21. Ne4 Bxe4 22. Rxe4 Qh5 23. h4 Rfd8 24. Qe3 h6 25. f3 Kh8 26. hxg5 Qxg5 27. Qe1 h5 28. Rh4 Rg8 29. g4 Qf4 30. Rxh5+ Kg7 1/2-1/2

[Variant "Standard"]
[Site "Europe Echecs"]

[Event "Championnat du monde jeunes U12"]
[Date "2024.11.18"]
[White "Wang, Luis"]
[Black "Kim, Minwoo"]
[WhiteElo "1751"]
[BlackElo "1501"]
[Round "4.59"]
[Result "0-1"]
[TimeControl "5400+30"]

1. e4 e5 2. Nf3 Nc6 3. Bc4 Bc5 4. d3 d6 5. O-O Nf6 6. Nc3 Bg4 7. h3 Bh5 8. Bb5 Qd7 9. Nd5 a6 10. Nxf6+ gxf6 11. Bc4 Nd4 12. Kh2 Nxf3+ 13. gxf3 O-O-O 14. Be3 f5 15. Bg5 Rdf8 16. c3 Re8 17. d4 Rhg8 18. dxc5 Rxg5 19. Qd2 f4 20. cxd6 Bxf3 21. Qd3 Rg2+ 22. Kh1 Qxh3# 0-1

[Variant "Standard"]
[Site "Europe Echecs"]

[Event "Championnat du monde jeunes U12"]
[Date "2024.11.18"]
[White "Wang, William Kaiyuan"]
[Black "Son, Juwon"]
[WhiteElo "1715"]
[BlackElo "1448"]
[Round "4.60"]
[Result "1-0"]
[TimeControl "5400+30"]

1. e4 c5 2. Nf3 Nc6 3. Bb5 g6 4. c3 Bg7 5. d4 cxd4 6. cxd4 e6 7. O-O Qb6 8. Bxc6 bxc6 9. Nc3 d5 10. Re1 Nf6 11. e5 Nd7 12. b3 O-O 13. g4 Qc7 14. h4 f6 15. Bf4 fxe5 16. Bxe5 Nxe5 17. Nxe5 Bxe5 18. Rxe5 c5 19. Rc1 Bd7 20. h5 cxd4 21. Qxd4 Qb6 22. Qd2 Rf6 23. Nxd5 exd5 24. Qxd5+ Kg7 25. Qxd7+ Rf7 26. h6+ Kg8 27. Rc8+ Rxc8 28. Qxc8+ Rf8 29. Qe6+ Qxe6 30. Rxe6 Kf7 31. Rc6 1-0

[Variant "Standard"]
[Site "Europe Echecs"]

[Event "Championnat du monde jeunes U12"]
[Date "2024.11.19"]
[White "Bocquenet-Drouode, Hugo"]
[Black "Aansh Nandan Nerurkar"]
[WhiteElo "2002"]
[BlackElo "2247"]
[Round "5.7"]
[Result "1/2-1/2"]
[TimeControl "5400+30"]

1. e4 c5 2. Nf3 d6 3. Bb5+ Nd7 4. Ba4 Nf6 5. O-O g6 6. d3 Bg7 7. c4 O-O 8. h3 a6 9. Nc3 Rb8 10. Be3 Ne8 11. d4 cxd4 12. Bxd4 Nc7 13. Ba7 Ra8 14. Bd4 Bxd4 15. Nxd4 Ne5 16. Qe2 Bd7 17. Bxd7 Qxd7 18. a4 Rac8 19. b3 Ne6 20. Rad1 Nc6 21. Nxe6 Qxe6 22. f4 f5 23. Rfe1 fxe4 24. Qxe4 Qxe4 25. Rxe4 Kf7 26. g3 Rfe8 27. Re2 h6 28. h4 Na5 29. Rb2 Red8 30. Ne4 b6 31. Rd3 Nb7 32. Re2 e6 33. Red2 Ke7 34. Re3 Rd7 35. Nc3 Kf7 36. Rde2 Nd8 37. Rd2 Rc6 38. Ne2 Rc5 39. Nd4 Kf6 40. Nf3 Nc6 41. Nd4 Nxd4 42. Rxd4 d5 43. Kf2 Rdc7 44. cxd5 Rxd5 45. Rxd5 exd5 46. Rd3 Ke6 47. Ke3 Rc1 48. Kf3 h5 49. Ke3 a5 50. Kd2 Rg1 51. Kc3 Rc1+ 52. Kd2 Rb1 53. Kc2 Rg1 54. Kc3 Kd6 55. Kd4 Rf1 56. Re3 Rd1+ 57. Rd3 Rb1 58. Re3 Rg1 59. Re5 Rxg3 60. Rxd5+ Kc6 61. Rg5 Rxg5 62. fxg5 Kd6 63. Kc4 Kc6 64. b4 axb4 65. Kxb4 Kc7 66. Kc4 Kc6 67. Kb4 Kc7 68. Kb5 Kb7 69. Kc4 Kc6 70. Kd4 Kd6 71. Ke4 1/2-1/2

[Variant "Standard"]
[Site "Europe Echecs"]